 Dungeon Crawl Stone Soup version 0.31-a0-986-g5e6e4ef867 (webtiles) character file.

Game seed: 7064395233959343741

27 LeprechaunX the Changeling (level 3, -4/23 HPs)
             Began as an Octopode Shapeshifter on Nov 21, 2023.
             Slain by a worm (8 damage)
             ... on level 2 of the Dungeon.
             The game lasted 00:01:00 (1033 turns).

LeprechaunX the Changeling (Octopode Shapeshifter)  Turns: 1033, Time: 00:01:01

Health: -4/23      AC:  1    Str: 13    XL:     3   Next: 10%
Magic:  3/3        EV: 13    Int: 12    God:
Gold:   40         SH:  0    Dex: 13    Spells: 2/2 levels left

rFire   . .          .
                       - Unarmed
rCold   . . .        (no shield)
rNeg    . . .        (helmet currently unavailable)
rPois   .            (no amulet)
rElec   .            (no ring)
rCorr   .            (no ring)
SInv    .            (no ring)
Will    .....        (no ring)
Stlth   ++           (no ring)
HPRegen 0.23/turn    (no ring)
MPRegen 0.08/turn    (no ring)
                     (no ring)

%: no passive effects
@: beast-form
A: beast (slay +2), almost no armour, amphibious, 8 rings, camouflage 1,
gelatinous body 1, (nimble swimmer 1), tentacles
a: Begin Untransformation


You were on level 2 of the Dungeon.
You were a hulking beast.
You visited 1 branch of the dungeon, and saw 2 of its levels.

You collected 40 gold pieces.

Inventory:

Talismans
 b - a beast talisman
 c - a flux talisman
Scrolls
 e - a scroll of poison {unknown}
 f - a scroll of revelation {unknown}
 g - a scroll of identify {unknown}
 i - a scroll of silence {unknown}
Potions
 a - a potion of lignification
 d - 2 potions of curing {unknown}
 h - a potion of mutation {unknown}
 j - a potion of heal wounds {unknown}


   Skills:
 + Level 1.6 Fighting
 - Level 2.0 Dodging
 + Level 3.3 Unarmed Combat
 * Level 3.5 Shapeshifting


You had 2 spell levels left.
You didn't know any spells.
Your spell library was empty.

Dungeon Overview and Level Annotations

Branches:
Dungeon (2/15)

Altars:


Innate Abilities, Weirdness & Mutations

You are a hulking beast.
Your limbs bulge with bestial killing power. (Slay +2)
You cannot wear most types of armour.
You are amphibious.
You can wear up to eight rings at the same time.
Your skin changes colour to match your surroundings (Stealth+).
Your rubbery body absorbs attacks. (AC +1, EV +1)
((You are camouflaged when in or above water. (Stealth+)))
You have tentacles for arms and can constrict up to eight enemies at once.


Message History

There is an open door here.
You see here a +0 leather armour.
There is an open door here.
You open the door.
There is an open door here.
You now have 40 gold pieces (gained 8).
Found a stone staircase leading up.
There is an open door here.
There is an open door here.
Found a spear.
A worm comes into view.
Found a stone staircase leading down.
Found a leather armour.
A bat and a worm come into view.
The helpless worm fails to defend itself.
You tentacle-slap the worm. Your grab misses the worm.
The worm is moderately wounded.
The worm bites you!
You tentacle-slap the worm. Your grab misses the worm.
Your squeeze misses the worm.
The worm is moderately wounded.
The bat hits you but does no damage.
You barely miss the worm. Your grab misses the worm.
The worm is moderately wounded.
The bat hits you but does no damage. The worm bites you!
You are too injured to fight recklessly!
You are too injured to fight recklessly!
You are too injured to fight recklessly!
You tentacle-slap the worm. Your grab misses the worm.
The worm is heavily wounded.
The bat closely misses you.
Unknown command.
You tentacle-slap the worm. Your grab misses the worm. You squeeze the worm!
The worm is almost dead.
The bat barely misses you. The worm bites you.
* * * LOW HITPOINT WARNING * * *
Unknown command.
The bat barely misses you. The worm attacks as it pursues you!
The worm bites you!
You die...

#############
#....[......#
#...........#
#...........#
#......>....+
#.....b.....#
#.....w.....#
#......wh...#+######
#...................
#########+#..)......
#...........
#######........
...............
..........#####
............#
########....#


You could see 2 worms and a bat.

Vanquished Creatures
  A dart slug (D:1)
  2 ball pythons (D:1)
  An endoplasm (D:1)
  3 hobgoblins
  4 jackals (D:1)
  2 quokkas
  4 goblins
  4 kobolds (D:1)
  A rat (D:1)
22 creatures vanquished.

Notes
Turn   | Place    | Note
-------+----------+-------------------------------------------
     0 | D:1      | LeprechaunX the Octopode Shapeshifter began the quest for
                  | the Orb.
     0 | D:1      | Reached XP level 1. HP: 13/13 MP: 1/1
    95 | D:1      | Reached XP level 2. HP: 6/18 MP: 2/2
   594 | D:1      | Reached XP level 3. HP: 23/23 MP: 3/3
  1033 | D:2      | Slain by a worm

Illustrated notes

Levels and vault maps discovered:
D:1:      amcnicky_arrival_choice, layout_basic, minmay_statues_item
D:2:      layout_basic, basic_altar, uniq_robin

Action                     || total
---------------------------++-------
  Melee: Unarmed           ||    42
         Constrict         ||    10
         Tentacles         ||     5
         Punch             ||     1
   Stab: Sleeping          ||     6
 Armour: Skin              ||    20
  Dodge: Dodged            ||    15

Table legend: (Time is in decaauts)
 A = Elapsed time spent in this place.
 B = Non-inter-level travel time spent in this place.
 C = Inter-level travel time spent in this place.
 D = Time resting spent in this place.
 E = Time spent auto-exploring this place.
 F = Levels seen in this place.
 G = Mean time per level.
                   A        B        C        D        E       F      G
               +--------+--------+--------+--------+--------+-----+--------+
         Total |   1030 |   1003 |     27 |      0 |    874 |   2 |  515.0 |
       Dungeon |   1030 |   1003 |     27 |      0 |    874 |   2 |  515.0 |
               +--------+--------+--------+--------+--------+-----+--------+

Top non-repeatable levels by time:
     D:1: 781 daAuts
     D:2: 248 daAuts
